 Dungeon Sprint DCSS version 0.24.0-125-gc4c63601f3 (webtiles) character file.

Game seed: 11286795957850793523, levelgen mode: deterministic

9398 Ponchio the Eclecticist (level 11, -10/76 HPs)
             Began as a Deep Elf Earth Elementalist on Mar 16, 2020.
             Was the Champion of Vehumet.
             Mangled by a red devil
             ... wielding a +1 trident of protection
             ... summoned by an orc sorcerer
              (13 damage)
             ... in the Dungeon (Sprint IX: "|||||||||||||||||||||||||||||") on Mar 20, 2020.
             The game lasted 00:16:03 (2123 turns).

Ponchio the Eclecticist (DEEE)                      Turns: 2123, Time: 00:16:03

Health: -10/76     AC:  4    Str:  9    XL:     11   Next: 22%
Magic:  20/34      EV: 20    Int: 27    God:    Vehumet [******]
Gold:   666        SH:  0    Dex: 15    Spells: 30/45 levels left

rFire    + + .     SeeInvis .   o - +2 halberd of Qysu Mui {pain, rF++ rC+ Str+4}
rCold    + . .     Gourm    .   (shield currently unavailable)
rNeg     . . .     Faith    .   c - +0 robe
rPois    .         Spirit   .   (no helmet)
rElec    .         Reflect  .   (no cloak)
rCorr    .         Harm     .   (no gloves)
MR       +....     NoTele   +   (no boots)
Stlth    ++........             u - amulet of the acrobat
HPRegen  0.22/turn              p - +3 ring of intelligence
MPRegen  0.24/turn              q - +2 ring of protection

@: no status effects
A: no striking features
a: Renounce Religion


You were in the Dungeon.
You worshipped Vehumet.
Vehumet was exalted by your worship.
You were not hungry.

You visited 1 branch You collected 666 gold pieces.

Inventory:

Hand Weapons
 o - the +2 halberd of Qysu Mui (weapon) {pain, rF++ rC+ Str+4}
   (You found it in the Dungeon)

   In the hands of one skilled in necromantic magic, it inflicts extra damage on
   living creatures.
   It affects your strength (+4).
   It greatly protects you from fire.
   It protects you from cold.
Missiles
 b - 4 stones (quivered)
Armour
 c - a +0 robe (worn)
Magical Staves
 n - an uncursed staff of energy
Jewellery
 p - a +3 ring of intelligence (left hand)
 q - a +2 ring of protection (right hand)
 u - an amulet of the acrobat (around neck)
Wands
 m - a wand of acid (4)
Scrolls
 j - a scroll of blinking
 k - 5 scrolls of remove curse
 l - 2 scrolls of amnesia
 v - 3 scrolls of enchant armour
 w - a scroll of fear
 x - 2 scrolls of enchant weapon
Potions
 a - a potion of invisibility
 e - 6 potions of curing
 f - 5 potions of heal wounds
 i - a potion of berserk rage
 r - 2 potions of agility
 s - a potion of brilliance
 t - 2 potions of resistance
Comestibles
 d - 11 rations
 g - 2 chunks of flesh


   Skills:
 * Level 11.8 Fighting
 + Level 12.0 Dodging
 - Level 2.4 Stealth
 - Level 17.7 Spellcasting
 - Level 1.1 Transmutations
 - Level 17.3 Earth Magic


You had 30 spell levels left.
You knew the following spells:

 Your Spells              Type           Power        Failure   Level  Hunger
a - Sandblast             Erth           ######       0%          1    None
b - Passwall              Tmut/Erth      ######..     1%          2    None
c - Stone Arrow           Conj/Erth      ######       1%          3    None
d - Petrify               Tmut/Erth      ######..     1%          4    None
e - Lee's Rapid Deconstr  Erth           #######...   1%          5    None

Your spell library contained the following spells:

 Spells                   Type           Power        Failure   Level  Hunger
 Irradiate                Conj/Tmut      ####......   12%         5    None


Dungeon Overview and Level Annotations

Branches:
Dungeon (1/1)

Altars:
Cheibriados
Dithmenos
Elyvilon
Fedhas
Gozag
Hepliaklqana
Kikubaaqudgha
Makhleb
Nemelex Xobeh
Okawaru
Qazlal
Ru
Sif Muna
Trog
Uskayaw
Vehumet
Wu Jian
Xom
Yredelemnul
Zin
The Shining One
Beogh
Jiyva
Lugonu


Message History

The sixfirhy is moderately wounded.
The sixfirhy completely misses you. The sixfirhy hits you.
The sixfirhy shocks you! The sixfirhy misses you.
You completely miss the sixfirhy.
The sixfirhy is lightly wounded.
The sixfirhy barely misses you. The sixfirhy hits you!
* * * LOW HITPOINT WARNING * * *
The sixfirhy shocks you!
* * * LOW HITPOINT WARNING * * *
The sixfirhy misses you. The sixfirhy barely misses you.
The sixfirhy closely misses you.
You slash the sixfirhy!
The sixfirhy is heavily wounded.
The red devil hits you from afar with a +1 trident of protection!
* * * LOW HITPOINT WARNING * * *
You slash the sixfirhy!
The sixfirhy is severely wounded.
The sixfirhy misses you. The sixfirhy completely misses you.
The red devil hits you from afar with a +1 trident of protection!
You die...

▓_▓.▓'▓.▓(▓
▓_▓.▓.▓.▓.▓
▓_▓.▓.▓.▓.▓
▓_▓.▓.▓.▓.▓
▓_▓.▓.▓.▓.▓
▓'▓.▓.▓.▓o▓
▓.▓.▓.▓.▓4▓
▓.▓.▓.▓.▓3▓
▓.▓.▓.▓.▓@▓
▓.▓.▓.▓.▓[▓
▓.▓.▓.▓.▓.▓
▓'▓.▓.▓.▓.▓
▓.▓.▓.▓.▓.▓
▓.▓.▓.▓.▓.▓
▓.▓.▓'▓.▓.▓
▓÷▓.▓÷▓[▓.▓
▓)▓.▓.▓.▓)▓


You could see a sixfirhy, a red devil and an orc wizard.

Vanquished Creatures
  2 dire elephants (D)
  A hydra (D)
  An orc high priest (D)
  2 orc knights (D)
  6 elephants (D)
  A gargoyle (D)
  An efreet (D)
  A troll (D)
  A blink frog (D)
  4 hippogriffs (D)
  A yak (D)
  A wyvern (D)
  2 basilisks (D)
  A hungry ghost (D)
  3 orc warriors (D)
  3 porcupines (D)
  2 black bears (D)
  A wolf (D)
  4 bullfrogs (D)
  A hound (D)
  An orc priest (D)
  3 orc wizards (D)
  A worker ant (D)
  A gnoll (D)
  An adder (D)
  A shadow imp (D)
  A dart slug (D)
  6 orcs (D)
  A giant cockroach (D)
  A hobgoblin (D)
  A jackal (D)
  A bat (D)
  A jackal zombie (D)
  A kobold (D)
  A rat (D)
61 creatures vanquished.

Vanquished Creatures (others)
  An adder zombie (D)
  A bat zombie (D)
2 creatures vanquished.

Grand Total: 63 creatures vanquished

Notes
Turn   | Place    | Note
-------+----------+-------------------------------------------
     0 | D        | Ponchio the Deep Elf Earth Elementalist began the quest for
                  | the Orb.
     0 | D        | Reached XP level 1. HP: 10/10 MP: 6/6
    81 | D        | Noticed a worker ant
    87 | D        | Killed a worker ant
    87 | D        | Reached XP level 2. HP: 15/15 MP: 7/11
    87 | D        | Reached XP level 3. HP: 19/19 MP: 7/12
    93 | D        | Learned a level 2 spell: Passwall
   153 | D        | Learned a level 3 spell: Stone Arrow
   179 | D        | Found a roughly hewn altar of Beogh.
   179 | D        | Found a snail-covered altar of Cheibriados.
   179 | D        | Found a shadowy altar of Dithmenos.
   179 | D        | Found a white marble altar of Elyvilon.
   179 | D        | Found a blossoming altar of Fedhas.
   179 | D        | Found an opulent altar of Gozag.
   180 | D        | Found a hazy altar of Hepliaklqana.
   181 | D        | Found a viscous altar of Jiyva.
   182 | D        | Found an ancient bone altar of Kikubaaqudgha.
   183 | D        | Found a corrupted altar of Lugonu.
   184 | D        | Found a burning altar of Makhleb.
   185 | D        | Found a sparkling altar of Nemelex Xobeh.
   186 | D        | Found an iron altar of Okawaru.
   187 | D        | Found a stormy altar of Qazlal.
   188 | D        | Found a sacrificial altar of Ru.
   189 | D        | Found a shimmering blue altar of Sif Muna.
   190 | D        | Found a bloodstained altar of Trog.
   191 | D        | Found a hide-covered altar of Uskayaw.
   192 | D        | Found a radiant altar of Vehumet.
   193 | D        | Found an ornate altar of the Wu Jian Council.
   194 | D        | Found a shimmering altar of Xom.
   195 | D        | Found a basalt altar of Yredelemnul.
   196 | D        | Found a glowing silver altar of Zin.
   197 | D        | Found a glowing golden altar of the Shining One.
   200 | D        | Became a worshipper of Vehumet
   217 | D        | Got the +2 halberd of Qysu Mui {pain, rF++ rC+ Str+4}
   228 | D        | Noticed a hungry ghost
   228 | D        | Noticed a hippogriff
   228 | D        | Noticed a hippogriff
   267 | D        | Killed a hippogriff
   267 | D        | Reached XP level 4. HP: 6/24 MP: 10/19
   267 | D        | Reached XP level 5. HP: 7/28 MP: 10/20
   275 | D        | Learned a level 4 spell: Petrify
   281 | D        | Learned a level 5 spell: Lee's Rapid Deconstruction
   314 | D        | Reached skill level 10 in Earth Magic
   319 | D        | Killed a hippogriff
   319 | D        | Reached * piety under Vehumet
   319 | D        | Offered knowledge of Flame Tongue by Vehumet.
   319 | D        | Reached XP level 6. HP: 13/32 MP: 9/23
   431 | D        | Killed a hungry ghost
   431 | D        | Reached XP level 7. HP: 27/36 MP: 16/25
   523 | D        | Reached ** piety under Vehumet
   523 | D        | Offered knowledge of Magic Dart by Vehumet.
   558 | D        | Noticed a gargoyle
   558 | D        | Noticed a troll
   558 | D        | Noticed an efreet
   563 | D        | Killed an efreet
   575 | D        | Killed a gargoyle
   575 | D        | Reached XP level 8. HP: 41/41 MP: 6/28
   583 | D        | Killed a troll
   583 | D        | Reached *** piety under Vehumet
   583 | D        | Reached skill level 15 in Earth Magic
   824 | D        | Noticed a hippogriff
   827 | D        | Offered knowledge of Mephitic Cloud by Vehumet.
   827 | D        | Reached skill level 15 in Spellcasting
   829 | D        | Killed a hippogriff
   829 | D        | Noticed a four-headed hydra
   832 | D        | Reached **** piety under Vehumet
   837 | D        | Killed a four-headed hydra
   837 | D        | Reached XP level 9. HP: 27/45 MP: 23/32
   840 | D        | Reached ***** piety under Vehumet
   967 | D        | Offered knowledge of Inner Flame by Vehumet.
   967 | D        | Reached skill level 1 in Fighting
   970 | D        | Reached skill level 5 in Dodging
   975 | D        | Reached ****** piety under Vehumet
   975 | D        | Reached skill level 5 in Fighting
   975 | D        | Reached XP level 10. HP: 53/59 MP: 7/33
  1099 | D        | Noticed an elephant
  1099 | D        | Noticed a dire elephant
  1099 | D        | Noticed an elephant
  1099 | D        | Noticed an elephant
  1099 | D        | Noticed a dire elephant
  1099 | D        | Noticed an elephant
  1103 | D        | Killed an elephant
  1120 | D        | Killed an elephant
  1124 | D        | Killed a dire elephant
  1127 | D        | Killed an elephant
  1157 | D        | HP: 3/65 [dire elephant (33)]
  1158 | D        | Killed a dire elephant
  1175 | D        | Killed an elephant
  1175 | D        | Offered knowledge of Ignite Poison by Vehumet.
  1175 | D        | Reached skill level 10 in Fighting
  1175 | D        | Reached skill level 10 in Dodging
  1470 | D        | Noticed an elephant
  1482 | D        | Killed an elephant
  1482 | D        | Offered knowledge of Spellforged Servitor by Vehumet.
  1563 | D        | Noticed an elephant
  1569 | D        | Killed an elephant
  1742 | D        | Reached XP level 11. HP: 55/73 MP: 30/34
  1754 | D        | Offered knowledge of Bolt of Magma by Vehumet.
  1757 | D        | Noticed an orc knight
  1997 | D        | Killed an orc knight
  2100 | D        | Noticed an orc sorcerer
  2100 | D        | Noticed an orc high priest
  2100 | D        | Noticed an orc knight
  2107 | D        | Killed an orc high priest
  2107 | D        | Killed an orc knight
  2107 | D        | Offered knowledge of Irradiate by Vehumet.
  2108 | D        | Noticed a sixfirhy
  2122 | D        | HP: 3/76 [red devil/+1 trident of protection[an orc
                  | sorcerer] (10)]
  2123 | D        | Mangled by a red devil

Levels and vault maps discovered:
D:        linesprint [early_d, line_temple, items_1, d_10, items_2, lair_1,
          lair_end, items_3, orc_1, orc_end, items_4, d_15, swamp_1, shoals_1,
          snake_1, spider_1, d_20, vaults_1, items_5, swamp_end, shoals_end,
          snake_end, spider_end, vaults_end, d_27, items_6, zot_1, zot_end,
          crypt_end, forest_end, elf_end, slime_end, tomb_end, abyss_end,
          pan_hell_end]

Skill      XL: |  1  2  3  4  5  6  7  8  9 10 11 |
---------------+----------------------------------+-----
Earth Magic    | 6 9 11 12 14 17 | 17.3
Spellcasting   | 6 11 12 14 17 | 17.7
Fighting       | 5 10 11 | 11.8
Dodging        | 5 11 12 | 12.0
Stealth        | |  2.4
Transmutations | |  1.1

Action                   |  1- 3 |  4- 6 |  7- 9 | 10-12 || total
-------------------------+-------+-------+-------+-------++-------
Melee: Halberd           |       |       |       |    10 ||    10
 Cast: Sandblast         |    14 |     1 |     2 |     9 ||    26
       Lee's Rapid Decon |       |     3 |    26 |    42 ||    71
       Stone Arrow       |       |       |       |     3 ||     3
Evoke: Wand              |       |       |       |     6 ||     6
  Use: Scroll            |       |     1 |       |     2 ||     3
       Potion            |       |       |     1 |     4 ||     5
  Eat: Chunk             |       |       |     1 |     3 ||     4
Armor: Robe              |     1 |       |       |     1 ||     2
Dodge: Dodged            |     4 |       |     3 |    27 ||    34
